 Dungeon Crawl Stone Soup version 0.28.0 (webtiles) character file.

Game seed: 5067524647499925446

834 themarg the Ducker (level 7, -2/46 HPs)
             Began as a Merfolk Summoner on Feb 16, 2022.
             Was a Believer of Fedhas.
             Shot with an arrow by a centaur (9 damage)
             ... on level 5 of the Dungeon.
             The game lasted 00:31:22 (5630 turns).

themarg the Ducker (Merfolk Summoner)               Turns: 5630, Time: 00:31:23

Health: -2/46      AC:  3    Str:  8    XL:     7   Next: 98%
Magic:  7/13       EV: 14    Int: 17    God:    Fedhas [**....]
Gold:   231        SH:  0    Dex: 14    Spells: 7/14 levels left

rFire   . . .      SeeInvis .   l - +0 scythe
rCold   . . .      Faith    .   (shield currently unavailable)
rNeg    . . .      Spirit   .   a - +0 robe
rPois   .          Reflect  .   (no helmet)
rElec   .          Harm     .   m - +0 cloak
rCorr   .          Rampage  .   (no gloves)
Will    .....                   (no boots)
Stlth   +++.......              (no amulet)
HPRegen 0.15/turn               (no ring)
MPRegen 0.13/turn               (no ring)

@: no status effects
A: (nimble swimmer 2), mertail
a: Renounce Religion, Wall of Briars


You were on level 5 of the Dungeon.
You worshipped Fedhas.
Fedhas was pleased with you.
You visited 1 branch of the dungeon, and saw 5 of its levels.

You collected 231 gold pieces.

Inventory:

Hand Weapons
 l - a +0 scythe (weapon)
Missiles
 b - 104 stones
Armour
 a - a +0 robe (worn)
 m - a +0 cloak (worn)
Wands
 q - a wand of mindburst (13)
Scrolls
 c - 4 scrolls of teleportation
 d - a scroll of noise {unknown}
 e - 2 scrolls of magic mapping
 k - a scroll of fear {unknown}
 n - a scroll of silence {unknown}
 o - 2 scrolls of amnesia
 p - a scroll of enchant weapon {unknown}
 r - a scroll of vulnerability {unknown}
Potions
 f - a potion of mutation {unknown}
 g - a potion of cancellation
 h - a potion of flight
 i - 2 potions of might
 j - 2 potions of attraction
 s - a potion of heal wounds {unknown}


   Skills:
 + Level 6.2 Dodging
 + Level 5.5 Stealth
 + Level 4.4 Spellcasting
 + Level 5.8 Summonings


You had 7 spell levels left.
You knew the following spells:

 Your Spells              Type           Power      Damage    Failure   Level
a - Summon Small Mammal   Summ           92%        N/A       1%          1
b - Call Canine Familiar  Summ           23%        N/A       4%          3
c - Summon Guardian Gole  Hex/Summ       13%        N/A       14%         3

Your spell library contained the following spells:

 Spells                   Type           Power      Damage    Failure   Level
 Call Imp                 Summ           23%        N/A       1%          2
 Apportation              Tloc           6%         N/A       16%         1
 Pain                     Necr           12%        1d4       16%         1
 Summon Lightning Spire   Summ/Air       13%        N/A       41%         4
 Alistair's Intoxication  Tmut/Pois      2%         N/A       99%         5


Dungeon Overview and Level Annotations

Branches:
Dungeon (5/15)             Temple (0/1) D:4

Altars:
Fedhas
Hepliaklqana
Nemelex Xobeh
Qazlal
Wu Jian
Yredelemnul


Innate Abilities, Weirdness & Mutations

((You are very nimble when in or above water. (Stealth+, EV+, Speed+++)))
Your lower body shifts to a powerful aquatic tail in water.


Message History

You now have 231 gold pieces (gained 6).
The centaur shouts!
Found a scroll of identify.
The centaur shoots an arrow.
The arrow hits you!
Casting: Summon Guardian Golem (dangerous; 14% risk of failure)
Confirm with . or Enter, or press ? or * to list all spells.
A guardian golem appears, shielding your allies.
The centaur shoots an arrow.
The arrow hits you!
The centaur shoots an arrow.
The arrow hits you!
Casting: Summon Guardian Golem (dangerous; 14% risk of failure)
Confirm with . or Enter, or press ? or * to list all spells.
The centaur shoots an arrow.
The arrow completely misses you.
You swap places.
The centaur shoots an arrow.
The arrow closely misses your hound. The arrow barely misses you.
The centaur shoots an arrow.
The arrow hits your hound!
Your hound closely misses the centaur.
The centaur shoots an arrow.
The arrow closely misses your hound. The arrow barely misses you.
Your hound closely misses the centaur.
Reach: l) +0 scythe
Press: ? - help, Dir - move target, f - centaur
Aim: a centaur, wielding a +0 shortbow, wearing a ring of positive energy and quivering arrows (ally target, about 40% to evade your +0 scythe)
You reach to attack!
You barely miss the centaur.
The centaur shoots an arrow.
The arrow misses your hound. The arrow hits you!
Your hound barely misses the centaur.
The centaur shoots an arrow.
The arrow closely misses your hound. The arrow hits you!
* * * LOW HITPOINT WARNING * * *
Your hound bites the centaur but does no damage.
The centaur shoots an arrow.
The arrow hits your hound!
Your hound bites the centaur.
What are your orders? t - Shout!
Orders for allies: a - Attack new target. p - Attack previous target. r - Retreat! s - Stop attacking. g - Guard the area. f - Follow me.
Anything else - Cancel.
Guard this area!
The centaur shoots an arrow.
The arrow hits your hound!
Your hound dies!
Your hound's corpse disappears in a puff of smoke!
The centaur shoots an arrow.
The arrow hits you!
You die...
Fedhas appreciates your contribution to the ecosystem.

#.# #.# #.# ## #?##.#
#.#.# #..# ##########9##
.........# #)........@ยง#
.........#
#.##########c..........##
#.# ...>....... #.#
##..........# #.# #..
....?...# #.# #.# ##
#...#### #.# #.# #......)
#.# ########.# #.######
#.# #........# #.# #


You could see a centaur and a friendly guardian golem (summoned, wandering).

Vanquished Creatures
  A necrophage (D:4)
  A jelly (D:5)
  A killer bee zombie (D:4)
  2 adders
  An orc (D:4)
  An endoplasm (D:4)
  A giant cockroach (D:2)
  3 goblins (D:2)
  4 hobgoblins
  A jackal (D:1)
  A quokka (D:1)
  A ball python (D:1)
  A bat (D:2)
  A kobold (D:3)
  4 rats
24 creatures vanquished.

Vanquished Creatures (collateral kills)
  Sigmund (D:2)
  A black bear (D:5)
  A nameless horror (D:2)
  2 hounds (D:5)
  4 orc wizards
  A hound skeleton (D:5)
  Robin (D:2)
  An adder (D:3)
  An adder skeleton (D:4)
  2 worms (D:3)
  5 dart slugs
  9 orcs
  5 ball pythons
  3 endoplasms
  A giant cockroach (D:4)
  4 goblins
  8 hobgoblins
  4 jackals
  A quokka (D:4)
  2 bats (D:2)
  5 frilled lizards
  4 kobolds
  2 rats
  A spectral hobgoblin (D:3)
69 creatures vanquished.

Vanquished Creatures (others)
  An ogre (D:4)
  Crazy Yiuf (D:2)
  A howler monkey zombie (D:5)
3 creatures vanquished.

Grand Total: 96 creatures vanquished

Notes
Turn   | Place    | Note
-------+----------+-------------------------------------------
     0 | D:1      | themarg the Merfolk Summoner began the quest for the Orb.
     0 | D:1      | Reached XP level 1. HP: 13/13 MP: 3/3
   194 | D:1      | Found a faded altar of an unknown god.
   200 | D:1      | Got Plato's Reference Book on Darkness
   228 | D:1      | Reached XP level 2. HP: 17/19 MP: 5/5
   287 | D:1      | Reached skill level 3 in Dodging
  1004 | D:1      | Prayed at the altar of an unknown god.
  1004 | D:1      | Became a worshipper of Fedhas Madash
  1004 | D:1      | Reached * piety under Fedhas
  1199 | D:2      | Reached XP level 3. HP: 20/24 MP: 3/6
  1255 | D:2      | Learned a level 3 spell: Call Canine Familiar
  1399 | D:2      | Found a basalt altar of Yredelemnul.
  1678 | D:2      | Noticed Robin
  1720 | D:2      | Killed Robin
  1909 | D:2      | Noticed Sigmund
  2194 | D:2      | Killed Sigmund
  2195 | D:2      | Reached skill level 4 in Dodging
  2195 | D:2      | Reached XP level 4. HP: 30/30 MP: 2/8
  2195 | D:2      | Reached XP level 5. HP: 35/35 MP: 2/9
  2514 | D:2      | Reached ** piety under Fedhas
  2550 | D:2      | Reached XP level 6. HP: 37/41 MP: 6/10
  2715 | D:2      | Found a runed translucent door.
  2716 | D:2      | Noticed Crazy Yiuf
  2723 | D:2      | Learned a level 3 spell: Summon Guardian Golem
  2723 | D:2      | Noticed a nameless horror
  2729 | D:2      | Killed a nameless horror
  2775 | D:2      | Killed Crazy Yiuf
  2856 | D:3      | Found a stormy altar of Qazlal.
  2858 | D:3      | Noticed a water elemental
  2860 | D:3      | Noticed a fire elemental
  2860 | D:3      | Noticed an air elemental
  3020 | D:3      | Reached skill level 5 in Summonings
  3398 | D:3      | Found a hazy altar of Hepliaklqana.
  3937 | D:4      | Noticed a necrophage
  3949 | D:4      | Killed a necrophage
  3950 | D:4      | Reached skill level 5 in Dodging
  4030 | D:4      | Found an ornate altar of the Wu Jian Council.
  4295 | D:4      | Found a staircase to the Ecumenical Temple.
  4306 | D:4      | Reached XP level 7. HP: 21/46 MP: 2/12
  4965 | D:4      | Found a sparkling altar of Nemelex Xobeh.
  5090 | D:5      | Entered Level 5 of the Dungeon
  5217 | D:5      | Reached skill level 5 in Stealth
  5489 | D:5      | Reached skill level 6 in Dodging
  5630 | D:5      | Shot with an arrow by a centaur

Illustrated notes

Levels and vault maps discovered:
D:1:      erik_arrival_orb_chamber, layout_basic,
          shapermc_ecumenical_altar_rom_forum
D:2:      layout_basic, basic_altar, st_stairs_14, minmay_split_cup_small,
          uniq_sigmund, uniq_robin, uniq_crazy_yiuf_cottage
D:3:      layout_loops_ring, nicolae_qazlal_style_of_elements,
          nicolae_hepliaklqana_monster_ancestors, palyth_stone_intersect,
          kennysheep_path_1, minivault_4
D:4:      layout_loops_ring, nemelex_diamond_rough_becter,
          mainiacjoe_overflow_chevrons, minmay_temple_entry_waves
D:5:      minmay_recursive_quarters, layout_loops_ring

Skill      XL: |  1  2  3  4  5  6  7 |
---------------+----------------------+-----
Dodging        | 3 4 5 6 |  6.2
Stealth        | 3 4 5 |  5.5
Spellcasting   | 3 4 |  4.4
Summonings     | 5 |  5.8

Action                   |  1- 3 |  4- 6 |  7- 9 || total
-------------------------+-------+-------+-------++-------
Melee: Club              |    31 |       |       ||    31
       Unarmed           |     5 |       |       ||     5
       Dagger            |    20 |       |       ||    20
       Punch             |     3 |       |       ||     3
       Scythe            |       |    44 |    32 ||    76
 Cast: Summon Small Mamm |    48 |    14 |     1 ||    63
       Call Canine Famil |     6 |    17 |    14 ||    37
       Summon Guardian G |       |     3 |     4 ||     7
  Use: Scroll            |       |     2 |     5 ||     7
 Stab: Sleeping          |     1 |     4 |       ||     5
       Distracted        |       |     3 |     2 ||     5
Armor: Robe              |    12 |     9 |     4 ||    25
Dodge: Dodged            |    57 |    35 |    15 ||   107
